AoeStats
← Lord_Devil

Arena

509229613Analyzed
1v1 RM · 5d ago on Sep 26, 2026· 43m 54s· 2 players
Game mode
Random Map
Map size
Tiny (2 player)
Population
200
Speed
Normal
Resources
Standard
Victory
Conquest
Starting age
Dark Age
Ending age
Imperial Age
RankedLock teamsTeams togetherTeam positionsShared explorationLock speedFull tech treeHidden civsTurbo modeCheats
Victory
Defeat
🇮🇳 Aztecs · India
935
+16
🇺🇸 Varangians · United States
945
-16
MiMo
9:54 Feudal Age
11:48 Double-Bit Axe
18:21 Castle Age
17:11 Horse Collar
18:42 Gold Mining
19:00 Scale Mail Armor
19:20 Squires
18:43 Pikeman
20:38 Fletching
23:35 Stone Mining
23:49 Elite Skirmisher
24:34 Padded Archer Armor
28:53 Forging
28:46 Bodkin Arrow
29:26 Ballistics
30:14 Atlatl
32:49 Imperial Age
30:06 Loom
30:07 Town Watch
31:02 Sanctity
31:20 Atlatl
32:52 Wheelbarrow
33:01 Chain Mail Armor
33:23 Redemption
33:25 Fervor
34:20 Hand Cart
34:06 Town Patrol
34:49 Block Printing
35:10 Theocracy
35:44 Chemistry
35:53 Illumination
36:52 Plate Mail Armor
37:24 Bracer
38:00 Conscription
39:31 Garland Wars
41:49 Iron Casting
Lord_Devil
11:29 Feudal Age
13:44 Double-Bit Axe
14:32 Gold Mining
18:26 Castle Age
16:37 Stone Mining
17:03 Forging
18:58 Wheelbarrow
18:34 Scale Barding Armor
19:58 Iron Casting
22:47 Bow Saw
24:45 Horse Collar
25:54 Fervor
26:07 Bloodlines
26:23 Husbandry
28:10 Hand Cart
31:11 Chain Barding Armor
31:07 Heavy Plow
36:24 Imperial Age
33:48 Vendel Legacy
34:49 Town Watch
37:29 Conscription
37:51 Plate Barding Armor
38:03 Stone Shaft Mining
37:49 Cavalier
41:29 Blast Furnace
Connection lost

Rejoining the realm…

Still unreachable

The connection could not be restored.

Session expired

The server has moved on; the page needs a fresh start.